 Dungeon Crawl Stone Soup version 0.20.0-7-g3b7b877 (webtiles) character file.

17 Minion the Sneak (level 2, -1/22 HPs)
             Began as a Formicid Assassin on May 29, 2017.
             Slain by a kobold
             ... wielding a +0 dagger
              (2 damage)
             ... on level 1 of the Dungeon.
             The game lasted 00:01:00 (632 turns).

Minion the Sneak (Formicid Assassin)                 Turns: 632, Time: 00:01:01

Health: -1/22      AC:  3    Str: 15    XL:     2   Next: 80%
Magic:  2/2        EV: 12    Int: 10    God:
Gold:   47         SH:  0    Dex: 12    Spells: 1/1 levels left

rFire    . . .     SeeInvis +   o - -3 dagger (curse)
rCold    . . .     Gourm    .   (no shield)
rNeg     . . .     Faith    .   c - +0 robe
rPois    .         Spirit   .   (helmet unavailable)
rElec    .         Reflect  .   d - +0 cloak
rCorr    .         Harm     .   (no gloves)
MR       .....                  (no boots)
Stlth    +++.......             (no amulet)
Regen    0.1/turn               (no ring)
MPRegen  0.1/turn               (no ring)

@: no status effects
A: permanent stasis, dig shafts and tunnels, four strong arms, antennae 3
a: Dig, Shaft Self


You were on level 1 of the Dungeon.
You were not hungry.

You visited 1 branch of the dungeon, and saw 1 of its levels.

You collected 47 gold pieces.

Inventory:

Hand Weapons
 a - a +2 dagger
 b - a +0 blowgun
 o - a cursed -3 dagger (weapon)
Missiles
 e - 8 poisoned needles
 f - 2 curare-tipped needles
Armour
 c - a +0 robe (worn)
 d - a +0 cloak (worn)
Scrolls
 k - 2 scrolls of identify {unknown}
 n - a scroll of remove curse {unknown}
 p - a scroll of noise {unknown}
Potions
 i - a potion of curing {unknown}
 j - a potion of berserk rage {unknown}
 l - a potion of degeneration {unknown}
 m - a potion of resistance {unknown}
Comestibles
 g - 2 bread rations
 h - 2 royal jellies


   Skills:
 - Level 2.1 Fighting
 + Level 2.3 Short Blades
 - Level 2.0 Throwing
 + Level 1.7 Dodging
 + Level 5.0 Stealth


You had one spell level left.
You didn't know any spells.

Dungeon Overview and Level Annotations

Branches:
Dungeon (1/15)

Altars:


Innate Abilities, Weirdness & Mutations

You cannot be hasted, slowed, berserked, paralysed or teleported.
You can dig through walls and to a lower floor.
Your four strong arms can wield two-handed weapons with a shield.
You have a pair of large antennae on your head. (SInv)


Message History

The kobold hits you with a dagger.
* * * LOW HITPOINT WARNING * * *
You barely miss the kobold.
The kobold is moderately wounded.
The kobold hits you with a dagger.
* * * LOW HITPOINT WARNING * * *
You hit the kobold but do no damage.
The kobold is moderately wounded.
The kobold hits you but does no damage.
You closely miss the kobold.
The kobold is moderately wounded.
You hit the kobold.
The kobold is heavily wounded.
The kobold hits you with a dagger.
* * * LOW HITPOINT WARNING * * *
You see here a shield.
You hit the kobold but do no damage.
The kobold is heavily wounded.
The kobold hits you with a dagger.
You die...

.....###### #..........#
.....# ########...# .....#
#...# .....# ######...#
.)#############....#.######
..#####...................#.#
...................#.####.#.#
. ######...####'##...#.#
#.#.. . #...##...##@..#.#
#.#.# . #...#.##'.#K..#.#
#.#.# . #...#.#⌠#.#...#.#
#.#.# .
#...#.###.#...#.####.#.# .
#...##...##...#.##.....####.
#...#######...#.####........
#..........<.........#.####)
#.............#.####.#... .
## #..........##.#.#....#..##
#


You could see a kobold.

Vanquished Creatures
  A bat (D:1)
  A giant cockroach (D:1)
  4 goblins (D:1)
  5 hobgoblins (D:1)
  A kobold (D:1)
  2 rats (D:1)
14 creatures vanquished.

Notes
Turn   | Place    | Note
-------+----------+-------------------------------------------
     0 | D:1      | Minion the Formicid Assassin began the quest for the Orb.
     0 | D:1      | Reached XP level 1. HP: 16/16 MP: 1/1
    79 | D:1      | Reached skill level 1 in Dodging
    87 | D:1      | Reached skill level 5 in Stealth
    87 | D:1      | Reached XP level 2. HP: 14/22 MP: 2/2
   629 | D:1      | HP: 1/22 [kobold/dagger (1)]
   632 | D:1      | Slain by a kobold

Skill      XL: |  1 |
---------------+----+-----
Dodging        | 1 |  1.7
Stealth        | 5 |  5.0
Fighting       | |  2.1
Short Blades   | |  2.3
Throwing       | |  2.0

Action                   || total
-------------------------++-------
Melee: Dagger            ||    72
 Stab: Sleeping          ||     2
Armor: Robe              ||     8
Dodge: Dodged            ||    35
